 Dungeon Crawl Stone Soup version 0.23.2-33-g5129a83184 (webtiles) character file.

Game seed: 2197905981477472100

112 senseless the Shield-Bearer (level 4, -1/41 HPs)
             Began as a Minotaur Fighter on July 4, 2019.
             Was an Initiate of Okawaru.
             Slain by a hippogriff (4 damage)
             ... on level 3 of the Dungeon.
             The game lasted 00:04:49 (1514 turns).

senseless the Shield-Bearer (Minotaur Fighter)      Turns: 1514, Time: 00:04:50

Health: -1/41      AC:  9    Str: 20    XL:     4   Next: 63%
Magic:  3/3        EV:  8    Int:  5    God:    Okawaru [......]
Gold:   110        SH:  9    Dex: 11    Spells: 3/3 levels left

rFire    . . .     SeeInvis .   a - +0 long sword
rCold    . . .     Gourm    .   c - +0 shield
rNeg     . . .     Faith    .   b - +0 scale mail
rPois    .         Spirit   .   (helmet restricted)
rElec    .         Reflect  .   o - +1 cloak {+Inv}
rCorr    .         Harm     .   (no gloves)
MR       .....                  (no boots)
Stlth    ..........             (no amulet)
HPRegen  0.13/turn              e - ring of attention (curse)
MPRegen  0.08/turn              (no ring)

@: no status effects
A: retaliatory headbutt, horns 2
a: Renounce Religion, Evoke Invisibility


You were on level 3 of the Dungeon.
You worshipped Okawaru.
Okawaru was noncommittal.
You were not hungry.

You visited 1 branch of the dungeon, and saw 3 of its levels.

You collected 110 gold pieces.

Inventory:

Hand Weapons
 a - a +0 long sword (weapon)
 n - a +2 quarterstaff of chaos
Armour
 b - a +0 scale mail (worn)
 c - a +0 shield (worn)
 o - a +1 cloak of invisibility (worn)
Jewellery
 e - a cursed ring of attention (left hand)
Scrolls
 k - a scroll of identify {unknown}
 l - a scroll of enchant weapon {unknown}
Potions
 d - a potion of might
 g - a potion of brilliance {unknown}
 h - a potion of curing {unknown}
 j - a potion of berserk rage {unknown}
 m - a potion of flight {unknown}
Comestibles
 f - 9 rations
 i - a chunk of flesh


   Skills:
 + Level 4.4 Fighting
 * Level 3.7 Long Blades
 + Level 4.3 Armour
 + Level 1.3 Dodging
 + Level 4.4 Shields


You had 3 spell levels left.
You didn't know any spells.
Your spell library contained the following spells:

 Spells                   Type           Power        Failure   Level  Hunger
 Flame Tongue             Conj/Fire      #....        99%         1    ##.....
 Cause Fear               Hex            #.........   100%        4    #####..
 Bolt of Fire             Conj/Fire      #.........   100%        6    #######
 Dragon Form              Tmut           #.........   100%        7    #######
 Dragon's Call            Summ           #.........   100%        9    #######


Dungeon Overview and Level Annotations

Branches:
Dungeon (3/15)

Altars:
Nemelex Xobeh
Okawaru
Zin


Innate Abilities, Weirdness & Mutations

You reflexively headbutt those who attack you in melee.
You have a pair of horns on your head.


Message History

The hippogriff pecks you but does no damage.
The hippogriff closely misses you.
You slash the hippogriff!
The hippogriff is severely wounded.
You block the hippogriff's attack. x3
Your shield and scale mail prevent you from hitting the hippogriff.
The hippogriff is heavily wounded.
The hippogriff bites you but does no damage.
The hippogriff pecks you.
* * * LOW HITPOINT WARNING * * *
You block the hippogriff's attack.
You hit the hippogriff. Your headbutt misses the hippogriff.
The hippogriff is severely wounded.
The hippogriff barely misses you. You furiously retaliate!
You headbutt the hippogriff.
You riposte.
You hit the hippogriff.
The hippogriff is severely wounded.
The hippogriff pecks you but does no damage.
The hippogriff closely misses you. You block the hippogriff's attack. x2
The hippogriff claws you.
You die...

...... .#...## .....
#...# ## ...# ###... #
#.S#.....# #. #.......#
###..##.###...#
.......SH@...##
#######.###### #.# #.#
#########.# ..........#
###########
.#######..###.........#
##......#######?#
#.....### #.#


You could see a hippogriff and a ball python.

Vanquished Creatures
  Crazy Yiuf (D:3)
  2 adders (D:2)
  2 worms
  2 dart slugs (D:1)
  3 leopard geckos
  2 orcs (D:3)
  A giant cockroach (D:2)
  8 goblins
  3 hobgoblins
  7 kobolds
  A ball python (D:2)
  7 bats
  6 frilled lizards
  7 rats
52 creatures vanquished.

Notes
Turn   | Place    | Note
-------+----------+-------------------------------------------
     0 | D:1      | senseless the Minotaur Fighter began the quest for the Orb.
     0 | D:1      | Reached XP level 1. HP: 19/19 MP: 0/0
   100 | D:1      | Reached XP level 2. HP: 24/27 MP: 1/1
   637 | D:2      | Reached XP level 3. HP: 31/33 MP: 2/2
   952 | D:2      | Reached skill level 1 in Dodging
  1221 | D:3      | Reached XP level 4. HP: 40/40 MP: 3/3
  1228 | D:3      | Found an iron altar of Okawaru.
  1236 | D:3      | Became a worshipper of Warmaster Okawaru
  1311 | D:3      | Found a sparkling altar of Nemelex Xobeh.
  1332 | D:3      | Found a glowing silver altar of Zin.
  1441 | D:3      | Found a runed translucent door.
  1442 | D:3      | Noticed Crazy Yiuf
  1450 | D:3      | Killed Crazy Yiuf
  1498 | D:3      | Noticed a hippogriff
  1513 | D:3      | HP: 2/41 [hippogriff (1)]
  1514 | D:3      | Slain by a hippogriff

Skill      XL: |  1  2  3 |
---------------+----------+-----
Fighting       | 4 |  4.4
Shields        | 4 |  4.4
Armour         | 4 |  4.3
Long Blades    | 3 |  3.7
Dodging        | 1 |  1.3

Action                   |  1- 3 |  4- 6 || total
-------------------------+-------+-------++-------
Melee: Long sword        |    89 |    37 ||   126
       Headbutt          |    15 |     8 ||    23
  Use: Scroll            |     5 |       ||     5
  Eat: Chunk             |     1 |     1 ||     2
Armor: Scale mail        |    33 |    19 ||    52
Dodge: Dodged            |    19 |    18 ||    37
Block: Shield            |    47 |    25 ||    72
       Rpst.: Long sword |     4 |     6 ||    10
